 Dungeon Crawl Stone Soup version 0.21-a0-404-g291f19a (webtiles) character file.

1466 keltmir the Transmogrifier (level 8, -3/59 HPs)
             Began as a Red Draconian Transmuter on Oct 29, 2017.
             Slain by Pikel
             ... wielding a +0 whip of freezing
              (8 damage)
             ... on level 6 of the Dungeon.
             The game lasted 00:38:10 (8559 turns).

keltmir the Transmogrifier (DrTm)                   Turns: 8559, Time: 00:38:12

Health: -3/59      AC:  6    Str: 12    XL:     8   Next: 48%
Magic:  15/15      EV: 12    Int: 17    God:
Gold:   304        SH:  0    Dex: 11    Spells: 7/16 levels left

rFire    + . .     SeeInvis .     - Unarmed
rCold    . . .     Gourm    +   (shield currently unavailable)
rNeg     . . .     Faith    .   (armour unavailable)
rPois    .         Spirit   .   (helmet restricted)
rElec    .         Reflect  .   (no cloak)
rCorr    .         Harm     .   (gloves currently unavailable)
MR       .....                  (no boots)
Stlth    ++........             q - amulet of the gourmand
HPRegen  0.19/turn              m - ring of stealth
MPRegen  0.14/turn              (no ring)

@: confused, about to teleport, short of breath, blade hands (expiring), slowed,
very slow
A: breathe fire, unfitting armour, fire resistance 1, cold-blooded, AC +6
a: Breathe Fire, End Transformation


You were on level 6 of the Dungeon.
You were very full.
You had blades for hands.
You visited 1 branch of the dungeon, and saw 6 of its levels.

You collected 304 gold pieces.

Inventory:

Hand Weapons
 p - a +0 giant club
Missiles
 a - 97 arrows
 f - 4 javelins (quivered)
Jewellery
 m - a ring of stealth (left scythe-like blade)
 q - an amulet of the gourmand (around neck)
 B - an uncursed amulet of rage {unknown}
 C - an uncursed ring of fire {unknown}
Wands
 j - a wand of flame (20/48)
 w - a wand of iceblast (8/15)
Scrolls
 c - 2 scrolls of magic mapping {unknown}
 e - 4 scrolls of recharging
 h - 5 scrolls of teleportation
 i - a scroll of immolation {unknown}
 k - a scroll of remove curse
 l - a scroll of fear {unknown}
 r - a scroll of identify
 y - a scroll of amnesia {unknown}
Potions
 d - a potion of ambrosia
 g - a potion of invisibility
 n - 2 potions of cancellation {unknown}
 s - a potion of might {unknown}
 u - 2 potions of curing {unknown}
 v - 2 potions of lignification {unknown}
 x - a potion of degeneration {unknown}
 z - 2 potions of flight
Books
 b - a book of Changes

   Spells                             Type                      Level
   a - Beastly Appendage              Transmutation                1
   b - Sticks to Snakes               Transmutation                2
   c - Spider Form                    Transmutation/Poison         3
   d - Ice Form                       Ice/Transmutation            4
   e - Blade Hands                    Transmutation                5
Comestibles
 o - a royal jelly
 t - 2 bread rations


   Skills:
 + Level 1.2 Fighting
 + Level 1.8 Dodging
 * Level 3.0 Unarmed Combat
 - Level 4.7 Spellcasting
 + Level 9.6 Transmutations


You had 7 spell levels left.
You knew the following spells:

 Your Spells              Type           Power        Failure   Level  Hunger
a - Beastly Appendage     Tmut           #####.       10%         1    None
b - Spider Form           Tmut/Pois      ###.......   36%         3    ###....
c - Blade Hands           Tmut           #####.....   41%         5    ######.


Dungeon Overview and Level Annotations

Branches:
Dungeon (6/15)
 Temple: D:4-7

Altars:
Ashenzari

Shops:
D:6 :

Annotations:
D:6 Pikel


Innate Abilities, Weirdness & Mutations

You can breathe blasts of fire.
Your fiery red scales are hard. (AC +6)
You cannot fit into any form of body armour.
Your flesh is heat resistant. (rF+)
You are cold-blooded and may be slowed by cold attacks.


Message History

You feel yourself slow down. Pikel freezes you.
You are too injured to fight recklessly!
As you read the scroll of teleportation, it crumbles to dust.
You feel strangely unstable.
Your transformation is almost over.
The slave completely misses you. Pikel hits you with a whip of freezing.
You feel as though you will be slow longer.
Pikel freezes you. The slave hits you!
* * * LOW HITPOINT WARNING * * *
Pikel hits you with a whip of freezing.
* * * LOW HITPOINT WARNING * * *
You feel as though you will be slow longer.
Pikel freezes you.
* * * LOW HITPOINT WARNING * * *
Unknown command.
You are confused.
You feel invigorated. The slave hits you!
* * * LOW HITPOINT WARNING * * *
Pikel hits you with a whip of freezing!
You die...

..................#...........
#.##..)###...##.....#..####.##
#..###..##..##########.# #..#
#... ##.##..# ##. #.#
#.#.###.##..### . #.#
####.#.......!#..# #.#
...#?###.......p## #.#
##....#.......pKp# ###..
#...?.........##@# #....
..............##### ## #....
##..####..........###+###.
#.... ...# ##.##.....#
.......###.[.. ###
#..####..#...(...........
##................###....
#######...................<.
#.......##.##.........###..#
#.......##.# #...####..###..


You could see Pikel and 3 slaves.

Vanquished Creatures
  The ghost of CasualChangeling the Bolt Thrower, an amateur DrWn (D:3)
  The ghost of darxusza the Tormented, an amateur BaNe of Kikubaaqudgha (D:4)
  An orc warrior (D:5)
  A sky beast (D:5)
  3 ogres
  A centaur (D:6)
  3 scorpions
  A centaur zombie (D:5)
  3 hounds
  An orc priest (D:3)
  A bullfrog skeleton (D:6)
  An iguana (D:4)
  Ijyb (D:4)
  An orc wizard (D:6)
  5 worker ants
  A hound zombie (D:3)
  A hound skeleton (D:4)
  A howler monkey zombie (D:6)
  2 adders
  2 oozes
  4 worms
  2 dart slugs (D:4)
  4 leopard geckos
  13 orcs
  3 giant cockroaches
  16 goblins
  6 hobgoblins
  3 jackals (D:4)
  4 quokkas
  A ball python (D:5)
  9 bats
  8 frilled lizards
  6 kobolds
  A leopard gecko skeleton (D:4)
  A quokka skeleton (D:5)
  12 rats
125 creatures vanquished.

Vanquished Creatures (others)
  A giant cockroach (D:6)
  A plant (D:4)
2 creatures vanquished.

Grand Total: 127 creatures vanquished

Notes
Turn   | Place    | Note
-------+----------+-------------------------------------------
     0 | D:1      | keltmir the Draconian Transmuter began the quest for the Orb.
     0 | D:1      | Reached XP level 1. HP: 16/16 MP: 3/3
   118 | D:1      | Reached XP level 2. HP: 15/23 MP: 3/5
  1432 | D:2      | Reached XP level 3. HP: 28/28 MP: 5/7
  1437 | D:2      | Learned a level 3 spell: Spider Form
  2201 | D:3      | Noticed CasualChangeling's ghost (amateur DrWn)
  2786 | D:2      | Reached XP level 4. HP: 31/35 MP: 3/9
  3546 | D:3      | Reached XP level 5. HP: 40/40 MP: 12/12
  4664 | D:4      | Reached skill level 3 in Transmutations
  4671 | D:4      | Found a shattered altar of Ashenzari.
  4858 | D:4      | Noticed Ijyb
  4889 | D:4      | Killed Ijyb
  4889 | D:4      | Reached skill level 4 in Transmutations
  4889 | D:4      | Reached XP level 6. HP: 25/47 MP: 9/13
  5334 | D:4      | Reached skill level 5 in Transmutations
  5609 | D:4      | Noticed darxusza's ghost (amateur BaNe)
  6239 | D:3      | Killed CasualChangeling's ghost
  6239 | D:3      | Reached skill level 6 in Transmutations
  6239 | D:3      | Your scales start taking on a fiery red colour.
  6239 | D:3      | Reached XP level 7. HP: 39/52 MP: 12/14
  6239 | D:3      | Gained mutation: Your flesh is heat resistant. (rF+) [Red Draconian growth]
  6560 | D:4      | Reached skill level 7 in Transmutations
  6633 | D:4      | Killed darxusza's ghost
  6830 | D:5      | Entered Level 5 of the Dungeon
  7125 | D:5      | Reached skill level 8 in Transmutations
  7125 | D:5      | Reached XP level 8. HP: 59/59 MP: 15/15
  7736 | D:5      | Learned a level 5 spell: Blade Hands
  8070 | D:5      | Reached skill level 9 in Transmutations
  8530 | D:6      | Noticed Pikel
  8531 | D:6      | Found Hoegek's Book Boutique.
  8559 | D:6      | Slain by Pikel

Vault maps used:
D:1:      lemuel_arrival_tunnels, chequers_big_river
D:4:      first_bread, serial_bayou_pond_c, mrwooster_statue_mirror,
          nicolae_ashenzari_panopticon, uniq_ijyb
D:6:      serial_shops, nicolae_shop_competitors_out_of_business, shop,
          kennysheep_flooded_box, lemuel_flamethrower_1, uniq_pikel, uniq_edmund

Skill      XL: |  1  2  3  4  5  6  7  8 |
---------------+-------------------------+-----
Spellcasting   | 3 4 |  4.7
Transmutations | 4 6 8 9 |  9.6
Fighting       | |  1.2
Dodging        | |  1.8
Unarmed Combat | |  3.0

Action                   |  1- 3 |  4- 6 |  7- 9 || total
-------------------------+-------+-------+-------++-------
Melee: Unarmed           |   193 |   203 |   114 ||   510
       Tailslap          |    16 |     5 |     5 ||    26
       Kick              |     5 |       |       ||     5
       Headbutt          |     6 |       |       ||     6
       Punch             |     2 |     2 |       ||     4
 Cast: Beastly Appendage |    14 |       |     1 ||    15
       Spider Form       |     4 |    27 |     9 ||    40
       Blade Hands       |       |       |     6 ||     6
 Abil: Breathe Fire      |       |       |    12 ||    12
       End Transformatio |       |       |     2 ||     2
Evoke: Wand              |       |       |     1 ||     1
  Use: Scroll            |     8 |     3 |     2 ||    13
       Potion            |       |     4 |     1 ||     5
 Stab: Distracted        |       |     1 |       ||     1
       Sleeping          |       |     1 |       ||     1
  Eat: Bread ration      |     1 |     1 |       ||     2
       Fruit             |     1 |       |       ||     1
       Chunk             |       |    16 |    14 ||    30
Armor: Skin              |    64 |    35 |    18 ||   117
Dodge: Dodged            |   140 |   174 |    87 ||   401

Table legend:
 A = Spawn XP
 B = Non-spawn XP
 C = Spawn XP percentage of total XP
 D = Spawn monster count
 E = Non-spawn monster count
 F = Spawn count percentage of total count
 G = Total turns spent on level
                    A         B        C        D         E        F      G
               +---------+---------+-------+---------+---------+-------+---------
         Total |       0 |    2095 |   0.0 |       0 |     125 |   0.0 |  8559
               +---------+---------+-------+---------+---------+-------+---------
           D:1 |       0 |      40 |   0.0 |       0 |      27 |   0.0 |  1427
           D:2 |       0 |      58 |   0.0 |       0 |      25 |   0.0 |  1948
           D:3 |       0 |     339 |   0.0 |       0 |      24 |   0.0 |  2074
           D:4 |       0 |     795 |   0.0 |       0 |      25 |   0.0 |  1428
           D:5 |       0 |     582 |   0.0 |       0 |      14 |   0.0 |  1276
           D:6 |       0 |     281 |   0.0 |       0 |      10 |   0.0 |   406
               +---------+---------+-------+---------+---------+-------+---------
